 Dungeon Crawl Stone Soup version 0.21-a0-2-ge494091 (webtiles) character file.

1260956 kuniqs the Ecstatic (level 27, -9/151 HPs)
             Began as a Vine Stalker Fighter on May 21, 2017.
             Was the Champion of Uskayaw.
             Killed from afar by an electric golem (32 damage)
             ... with a bolt of lightning
             ... on level 5 of the Realm of Zot.
             The game lasted 02:39:53 (60761 turns).

kuniqs the Ecstatic (Vine Stalker Fighter)         Turns: 60761, Time: 02:39:54

Health: -9/151     AC: 53    Str: 36    XL:     27
Magic:  0/37       EV: 19    Int: 10    God:    Uskayaw [******]
Gold:   8007       SH: 29    Dex: 21    Spells: 21/26 levels left

rFire    + . .     SeeInvis .   q - +18 lance "Wyrmbane" {slay drac, rPois rF+ rC+ AC+3}
rCold    + . .     Gourm    .   l - +1 large shield {rN+}
rNeg     + + .     Faith    .   E - +14 crystal plate armour
rPois    +         Spirit   +   m - +2 hat of the Bear Spirit {Spirit, +Rage rN+ MR++}
rElec    .         Reflect  .   M - +2 cloak
rCorr    .         Harm     .   r - +2 pair of gloves {Str+3}
MR       +++++                  w - +0 pair of boots of Qesefoagg {Str+4 Dex+4}
Stlth    ..........             D - amulet of regeneration
Regen    1.6/turn               C - +6 ring of slaying
MPRegen  0.3/turn               L - +4 ring of slaying

@: lethally poisoned (-9 -> -9), corroded
A: fangs 3, talons 1, clever 1, frail 1, low mp 1, regeneration 2, magic shield,
antimagic bite, no potion heal 3, rot immunity, subdued magic 1, MP-powered
wands
}: 15/15 runes: serpentine, barnacled, slimy, silver, golden, iron, obsidian,
icy, bone, abyssal, demonic, glowing, magical, fiery, dark
a: Stomp, Line Pass, Grand Finale, Renounce Religion, Evoke Berserk Rage


You were on level 5 of the Realm of Zot.
You worshipped Uskayaw.
Uskayaw was extremely pleased with you.
You were completely stuffed.

You visited 17 branches of the dungeon, and saw 89 of its levels.
You visited Pandemonium 1 time, and saw 24 of its levels.
You visited the Abyss 1 time.
You also visited: Sewer, Ice Cave, Volcano and Wizlab.

You collected 9435 gold pieces.
You spent 1428 gold pieces at shops.

Inventory:

Hand Weapons
 a - a +9 quick blade of flaming
 q - the +18 lance "Wyrmbane" (weapon) {slay drac, rPois rF+ rC+ AC+3}
   (You found it on level 5 of the Pits of Slime)

   It affects your AC (+3).
   It protects you from fire.
   It protects you from cold.
   It protects you from poison.
Missiles
 X - 2 throwing nets (quivered)
Armour
 l - a +1 large shield of positive energy (worn)
 m - the +2 hat of the Bear Spirit (worn) {Spirit, +Rage rN+ MR++}
   (You found it on level 5 of the Pits of Slime)

   It protects you from negative energy.
   It affects your resistance to hostile enchantments.
   It lets you go berserk.
 r - a +2 pair of gloves of strength (worn)
 w - the +0 pair of boots of Qesefoagg (worn) {Str+4 Dex+4}
   (You found it on level 3 of the Tomb of the Ancients)

   It affects your strength (+4).
   It affects your dexterity (+4).
 E - a +14 crystal plate armour (worn)
 M - a +2 cloak (worn)
 V - a +2 shield of protection
Jewellery
 B - the ring of Uxtint {rF+ MP+9 Int+2}
   (You found it on level 4 of the Dungeon)

   [ring of protection from fire]

   It affects your intelligence (+2).
   It protects you from fire.
   It affects your magic capacity (+9).
 C - a +6 ring of slaying (left hand)
 D - an amulet of regeneration (around neck)
 H - an uncursed ring of protection from cold
 I - an uncursed ring of protection from magic
 L - a +4 ring of slaying (right hand)
 P - the ring "Haesap" {*Drain rPois rF+ rN+ Dex+2}
   (You found it on level 7 of Cocytus)

   [ring of protection from fire]

   It affects your dexterity (+2).
   It protects you from fire.
   It protects you from poison.
   It protects you from negative energy.
   It causes draining when unequipped.
Wands
 c - a wand of digging (22/24)
 p - a wand of paralysis (14/24)
 v - a wand of paralysis (13/24)
 K - a wand of iceblast (11/15)
 N - a wand of clouds (2/9)
Scrolls
 b - 6 scrolls of silence
 j - 4 scrolls of teleportation
 n - 10 scrolls of fear
 s - 7 scrolls of fog
 t - 25 scrolls of remove curse {@r2}
 y - 9 scrolls of immolation
 F - 7 scrolls of recharging
 O - a scroll of summoning
 U - 12 scrolls of identify {@r1}
 W - 4 scrolls of blinking
Potions
 h - 2 potions of invisibility
 i - 7 potions of agility
 k - a potion of flight
 u - 33 potions of curing {@q1}
 x - 4 potions of might
 z - 3 potions of resistance
 A - 6 potions of berserk rage
 G - 11 potions of mutation
 R - a potion of cancellation
Miscellaneous
 o - a figurine of a ziggurat
Comestibles
 d - 30 bread rations
 e - 18 meat rations
 f - 64 fruits
 J - 22 chunks of flesh
 Q - a royal jelly


   Skills:
 + Level 24.7 Fighting
 - Level 14.1 Short Blades
 - Level 12.0 Polearms
 + Level 22.8 Armour
 - Level 15.9 Dodging
 - Level 10.0 Stealth
 + Level 24.5 Shields
 + Level 26.0 Invocations


You had 21 spell levels left.
You knew the following spells:

 Your Spells              Type           Power        Failure   Level  Hunger
a - Regeneration          Chrm/Necr      #.........   99%         3    ####...
x - Song of Slaying       Chrm           #.......     97%         2    ###....


Dungeon Overview and Level Annotations

Branches:
Dungeon (15/15)            Temple (0/1) D:7            Lair (6/6) D:11
 Shoals (4/4) Lair:2        Snake (4/4) Lair:3        Slime (5/5) Lair:6
    Orc (2/2) D:11            Elf (3/3) Orc:2        Vaults (5/5) D:14
  Crypt (3/3) Vaults:3       Tomb (3/3) Crypt:3      Depths (5/5) D:15
   Hell (1/1)                 Dis (7/7) Hell            Geh (7/7) Hell
    Coc (7/7) Hell            Tar (7/7) Hell            Zot (5/5) Depths:5

Altars:
Ashenzari
Elyvilon
Fedhas
Gozag
Hepliaklqana
Kikubaaqudgha
Makhleb
Okawaru
Uskayaw
Wu Jian
Xom
Yredelemnul
The Shining One
Beogh
Jiyva
Lugonu

Shops:
D:5 %   D:15 =   Orc:2 (*=[   Elf:1 =   Elf:2 (   Shoals:1 (   Snake:2 :}=}
Vaults:2 ?   Depths:1 %   Depths:2 (

Portals:
Hell: Lair:6 Depths:1 Depths:2 Depths:3 Depths:4 Depths:5
Abyss: Depths:1 Depths:4
Pandemonium: Depths:2 Depths:3
Ziggurat: Depths:1
Trove: D:15 (give 7 potions of haste)

Annotations:
D:4 2 transporters
Tomb:2 Jory
Tar:2 31 runed doors


Innate Abilities, Weirdness & Mutations

You have razor-sharp teeth.
You heal very quickly.
When hurt, damage is shared between your health and your magic reserves.
Your bite disrupts and absorbs the magic of your enemies.
Potions cannot restore your health.
You are immune to rotting.
You have sharp toenails.
Your mind is acute. (Int +2)
You are frail. (-10% HP)
Your magical capacity is low. (-10% MP)
Your spells are a little easier to cast, but a little less powerful.
You expend magic power (3 MP) to strengthen your wands.


Message History

Your surroundings suddenly seem different.
You feel sick.
A bolt hits the electric golem!
The electric golem hurls lightning at you.
The bolt of lightning misses you.
Uskayaw links your audience in an emotional bond!
An Orb Guardian comes into view.
Okay, then.
You found a spear trap!
The green draconian breathes poison at you.
You hear a loud "Zot"!
You hear a distant blaring wail to the northeast.
The black draconian is engulfed in poison gas.
The black draconian is poisoned.
An Orb Guardian comes into view.
An Orb Guardian comes into view.
The Orb Guardian is engulfed in poison gas.
The Orb Guardian is poisoned.
The electric golem hurls lightning at you.
The bolt of lightning hits you!
You die...

▓............X.........
▓...........ddX.....§^.▓
............Xd.........▓
..........§§d.^........▓
.....X..§§X8....$......#
.......^§§§...........##
▓.......§§§.........▓##
▓............%..▓▓▓▓
▓▓....@##▓▓#▓▓▓▓
#.......X.....
#......X.......
...............
...............
...............
...............
...............


You could see an electric golem, 3 draconians, a green draconian and 6 Orb
Guardians.

Vanquished Creatures
  Cerebov (Pan)
  Asmodeus (Geh:7)
  Antaeus (Coc:7)
  the Royal Jelly (Slime:5)
  Gloorx Vloq (Pan)
  Ereshkigal (Tar:7)
  Lom Lobon (Pan)
  Mnoleg (Pan)
  the Serpent of Hell (Geh:7)
  Dispater (Dis:7)
  5 ancient liches
  Mennas (Tomb:1)
  2 orbs of fire (Zot:5)
  Mara (Elf:3)
  Sojobo (Depths:5)
  8 greater mummies
  Bai Suzhen (Snake:3)
  9 shard shrikes (Coc:7)
  Boris (thrice) (Vaults:5 Depths:5 Tomb:3)
  A Killer Klown (Zot:5)
  The ghost of Gorglomux the Executioner, a veteran HOMo of the Shining One (Vaults:4)
  Geryon (Hell)
  3 golden dragons
  7 bone dragons
  5 pandemonium lords (Pan)
  5 doom hounds
  13 Brimstone Fiends
  An iron giant (Dis:7)
  15 Tzitzimimeh
  9 tentacled monstrosities
  14 liches
  9 Hell Sentinels
  11 Ice Fiends
  10 titans
  3 deep elf blademasters
  A shard shrike skeleton (Crypt:3)
  8 quicksilver dragons
  3 tentacled starspawn
  Polyphemus (Shoals:3)
  6 acid blobs
  6 deep elf master archers (Elf:3)
  11 sphinxes
  Agnes (Snake:2)
  17 Executioners
  4 eldritch tentacles
  2 death cobs
  2 krakens
  The ghost of no0bjke the Severer, an adept GrFi of Okawaru (Vaults:2)
  7 ancient champions
  6 shadow dragons
  Gastronok (Lair:3)
  13 storm dragons
  8 tengu reavers
  A draconian monk (Zot:3)
  5 revenants
  Ilsuiw (Shoals:4)
  4 azure jellies
  17 fire giants
  8 nagarajas (Snake:4)
  A draconian knight (Abyss:3)
  6 frost giants
  8 deep elf sorcerers
  Aizul (Snake:1)
  14 cacodemons
  8 iron dragons
  2 draconian scorchers
  4 ghost moths
  4 draconian shifters
  19 balrugs
  6 vault wardens
  The ghost of 4thArraOfDagon the Cleaver, a journeyman DgSu (Elf:3)
  6 warmongers (Pan)
  2 curse skulls (Pan)
  10 ironheart preservers
  4 deep elf elementalists
  43 reapers
  A juggernaut zombie (Crypt:1)
  26 very ugly things
  6 blood saints (Pan)
  3 elemental wellsprings (Coc:7)
  20 war gargoyles
  An entropy weaver (Vaults:3)
  3 ghouls
  5 vampire knights
  5 draconian annihilators
  A spriggan defender (Depths:4)
  12 bennus
  16 stone giants
  3 black draconians
  7 lorocyprocas
  A green draconian (Zot:1)
  10 corrupters (Pan)
  4 deep elf demonologists
  9 black suns (Pan)
  4 white draconians
  A purple draconian (Abyss:3)
  3 red draconians
  An orange crystal statue (WizLab)
  A dire elephant (D:15)
  3 yellow draconians
  11 deep elf annihilators
  11 green deaths (Pan)
  2 eidola (Tar:7)
  5 merfolk javelineers
  11 crystal guardians
  22 blizzard demons
  10 mummy priests
  6 jiangshi (Crypt:1)
  13 ettins
  8 merfolk impalers
  4 quicksilver dragon zombies
  8 deep elf death magi
  7 fire dragons
  16 yaktaur captains
  A fire dragon (shapeshifter) (Depths:3)
  A deep elf high priest (Depths:4)
  11 great orbs of eyes
  5 kraken zombies
  27 ice dragons
  26 vault guards
  2 quicksilver dragon skeletons
  8 hydras
  18 naga warriors
  2 catoblepae
  4 hell beasts
  3 rakshasas
  3 monstrous demonspawn (Pan)
  12 anacondas
  A great orb of eyes (shapeshifter) (Abyss:3)
  3 death knights
  A two-headed ogre (shapeshifter) (Depths:3)
  11 centaur warriors
  4 merfolk avatars
  28 two-headed ogres
  4 spriggan air magi
  2 ghost crabs
  2 anacondas (shapeshifter)
  7 merfolk aquamancers
  6 deep troll shamans
  3 satyrs
  39 dancing weapons
  An alligator snapping turtle (shapeshifter) (Depths:3)
  11 ogre magi
  4 titan zombies
  26 death scarabs
  20 hell hogs
  An orc high priest (Orc:2)
  4 vampire magi
  10 death yaks
  4 tengu warriors
  37 hell knights
  2 spriggan berserkers (Depths:5)
  3 deep troll earth magi
  15 naga sharpshooters
  23 deep elf knights
  10 shock serpents
  10 thrashing horrors
  44 sun demons
  6 storm dragon zombies
  16 shadow wraiths
  A wretched star (Abyss:3)
  Nergalle (Lair:1)
  21 soul eaters
  4 iron golems
  2 titan skeletons
  21 sixfirhies
  6 iron trolls
  105 skeletal warriors
  2 salamander mystics
  14 unseen horrors
  2 storm dragon skeletons
  An iron troll (shapeshifter) (Vaults:5)
  3 golden dragon zombies
  12 deep trolls
  4 ghost moth zombies
  5 wizards
  4 glowing orange brains (Depths:3)
  6 anaconda zombies
  A spark wasp zombie (Hell)
  12 sea snakes
  2 lindwurms (shapeshifter)
  9 flayed ghosts
  A glowing orange brain (shapeshifter) (Depths:3)
  6 gelid demonspawn (Pan)
  26 necromancers
  4 golden dragon skeletons
  10 phantasmal warriors
  3 obsidian statues (Depths:3)
  15 shadow demons
  2 shadow dragon zombies
  2 wolf spider zombies
  8 naga ritualists
  5 infernal demonspawn (Pan)
  12 ironbrand convokers
  3 anaconda skeletons
  8 torturous demonspawn (Pan)
  A harpy (shapeshifter) (Vaults:4)
  14 harpies
  14 deep elf archers
  8 orc knights
  4 iron dragon zombies
  3 frost giant zombies
  A shadow dragon skeleton (Geh:2)
  6 stone giant zombies
  4 wolf spiders
  62 deep elf magi
  8 fire giant zombies
  8 cyclopes
  39 ugly things
  15 salamanders
  4 mana vipers
  An oklob plant (Lair:3)
  12 fauns
  A tengu skeleton (Vaults:3)
  A faun (shapeshifter) (Depths:3)
  4 dire elephant zombies
  9 moths of wrath
  16 manticores
  4 shining eyes
  15 elephants
  2 guardian serpents (Snake:3)
  A worldbinder (Abyss:3)
  A water nymph (shapeshifter) (Depths:3)
  12 merfolk sirens
  29 naga magi
  6 frost giant skeletons
  A toenail golem (Abyss:3)
  2 fire giant skeletons
  3 iron dragon skeletons
  4 stone giant skeletons
  An elephant (shapeshifter) (Depths:3)
  Maurice (D:9)
  20 black mambas
  3 ice statues
  34 smoke demons
  A shock serpent zombie (Dis:7)
  6 water nymphs
  27 rust devils
  3 human skeletons
  15 vault sentinels
  A shock serpent skeleton (Geh:2)
  An eye of devastation (Pan)
  22 orange demons
  A guardian serpent (shapeshifter) (Abyss:3)
  5 molten gargoyles
  5 gargoyles
  Psyche (D:11)
  A catoblepas zombie (Dis:7)
  21 hellions
  2 dire elephant skeletons (Coc:7)
  A red draconian zombie (Crypt:2)
  14 spiny frogs
  2 spriggan zombies (Hell)
  6 human zombies
  45 yaktaurs
  35 freezing wraiths
  A komodo dragon (shapeshifter) (Vaults:5)
  A redback zombie (Crypt:2)
  8 demonic crawlers
  A yaktaur zombie (Vaults:5)
  An emperor scorpion zombie (Hell)
  7 rime drakes
  12 efreet
  10 komodo dragons
  22 tormentors
  12 hydra zombies
  6 kobold demonologists
  25 hellwings (Pan)
  2 silent spectres (Tar:2)
  A tengu conjurer (Depths:2)
  An anaconda simulacrum (Hell)
  7 trolls
  A red draconian skeleton (Crypt:1)
  27 guardian mummies
  39 ice devils
  2 harpy zombies
  A jumping spider (shapeshifter) (D:14)
  19 merfolk
  7 meliai
  2 ancient zymes
  A merfolk (shapeshifter) (Depths:3)
  A tyrant leech (shapeshifter) (Depths:3)
  27 red devils
  15 wind drakes
  2 hornets (shapeshifter) (Depths:3)
  Grinder (Sewer)
  A polar bear (Lair:4)
  A tarantella zombie (Crypt:3)
  34 blink frogs
  A shadow dragon simulacrum (Hell)
  4 hydra skeletons
  2 harpy skeletons
  59 slime creatures
  6 ettin zombies
  7 hornets
  4 ice dragon zombies
  2 fire dragon zombies
  3 dream sheep (shapeshifter)
  4 bog bodies (Coc:7)
  2 deep troll zombies
  6 alligator zombies
  15 hippogriffs
  6 dream sheep
  A frost giant simulacrum (Vaults:1)
  A hippogriff (shapeshifter) (Depths:3)
  11 snapping turtles
  A stone giant simulacrum (Hell)
  58 flying skulls
  2 vampires
  11 shadows
  32 water elementals
  A spriggan (shapeshifter) (Vaults:3)
  7 redbacks (Elf:1)
  9 air elementals
  A fire bat (Volcano)
  5 small abominations
  15 wraiths
  A wyvern (D:15)
  2 yaks (shapeshifter)
  11 ynoxinuls (Pan)
  4 ice dragon skeletons
  37 yaks
  6 ettin skeletons
  2 fire dragon skeletons
  3 spriggans (Depths:5)
  10 ushabtiu
  3 alligator skeletons
  A black mamba skeleton (Coc:3)
  25 fire elementals
  6 basilisks
  10 chaos spawn (Pan)
  7 hungry ghosts
  8 golden eyes
  Menkaure (D:6)
  A steam dragon (D:11)
  A death yak simulacrum (IceCv)
  A human simulacrum (Vaults:5)
  25 large abominations
  4 vampire mosquitoes (D:15)
  24 neqoxecs
  7 wargs
  A yaktaur simulacrum (Vaults:2)
  A swamp worm (shapeshifter) (Vaults:2)
  A wind drake skeleton (Crypt:1)
  A merfolk zombie (Coc:7)
  3 insubstantial wisps (Depths:3)
  63 nagas
  2 floating eyes (Pan)
  17 water moccasins
  2 spiny frog zombies
  7 porcupines
  The ghost of buskinjo the Firebug, an amateur DEFE (D:3)
  52 hell hounds
  Duvessa (D:4)
  2 manticore zombies
  38 orc warriors
  6 snapping turtle zombies
  3 ettin simulacra (Depths:2)
  A fire dragon simulacrum (Depths:1)
  An alligator simulacrum (Coc:5)
  7 eyes of draining
  7 phantoms
  3 spiny frog skeletons
  2 black bears (shapeshifter)
  13 ice beasts
  8 sky beasts
  An ice dragon simulacrum (Coc:7)
  A swamp dragon zombie (Dis:6)
  13 boggarts
  25 centaurs
  9 wolves
  A boggart (shapeshifter) (Depths:3)
  A manticore skeleton (Tar:7)
  25 ogres
  2 elf skeletons
  10 necrophages
  3 swamp dragon skeletons
  5 snapping turtle skeletons
  14 crocodiles
  9 big kobolds
  2 elf zombies (Elf:1)
  A komodo dragon zombie (Crypt:1)
  12 bullfrogs
  A gnoll sergeant (D:5)
  10 earth elementals
  A troll zombie (Crypt:1)
  Dowan (D:4)
  3 water moccasin skeletons
  11 killer bees (D:10)
  2 scorpions
  2 elephant simulacra (IceCv)
  56 wights
  A howler monkey (D:13)
  4 electric eels
  A lava snake (Volcano)
  A bullfrog zombie (D:12)
  10 crimson imps
  4 draconian simulacra (IceCv)
  A quasit (Sewer)
  4 centaur zombies
  A gnoll shaman (D:4)
  5 orc priests
  A bullfrog skeleton (D:12)
  6 centaur skeletons
  4 hounds
  8 jellies
  22 orc wizards
  Crazy Yiuf (D:3)
  11 iron imps
  7 iguanas
  5 hell rats (Hell)
  11 worker ants
  A polar bear simulacrum (IceCv)
  6 troll simulacra (IceCv)
  An ogre zombie (Dis:3)
  A tengu zombie (Coc:7)
  4 big kobold zombies (Sewer)
  A crocodile zombie (Crypt:1)
  3 centaur simulacra
  2 naga zombies
  2 hound skeletons
  27 mummies
  Robin (D:2)
  A howler monkey skeleton (D:9)
  13 gnolls
  15 adders
  4 naga simulacra (IceCv)
  4 ogre simulacra (IceCv)
  10 shadow imps
  20 white imps
  2 ufetubi (Sewer)
  4 oozes
  An adder zombie (D:1)
  An adder skeleton (D:4)
  A halfling skeleton (Crypt:3)
  2 worms (D:5)
  2 dart slugs
  8 leopard geckos
  97 orcs
  9 giant cockroaches
  12 goblins
  5 hobgoblins
  A jackal (shapeshifter) (Vaults:5)
  13 jackals
  5 quokkas
  2 ball pythons
  13 bats
  5 frilled lizards
  A giant cockroach zombie (D:1)
  A jackal zombie (D:5)
  41 kobolds
  3 kobold zombies
  8 rats
  2 crawling corpses (Vaults:4)
  2 lurking horrors (Abyss:3)
  6 plants
  3 starspawn tentacles (Abyss:3)
  17 tentacles
3844 creatures vanquished.

Vanquished Creatures (others)
  2 eldritch tentacles
  A draconian monk (Zot:5)
  An elemental wellspring (Coc:4)
  A rakshasa (Pan)
  A dancing weapon (Pan)
  9 death scarabs (Tomb:2)
  A titan skeleton (Tomb:2)
  2 skeletal warriors (Tomb:3)
  A fire giant zombie (Tomb:2)
  A fire giant skeleton (Tomb:2)
  A fire giant simulacrum (Tomb:2)
  A flying skull (Coc:6)
  A wraith (Geh:3)
  2 water elementals
  A ynoxinul (Pan)
  2 air elementals (Depths:3)
  A golden eye (Pan)
  2 chaos spawn (Pan)
  A naga (Snake:3)
  A porcupine (shapeshifter) (Depths:3)
  A snapping turtle zombie (Tomb:3)
  A crimson imp (D:14)
  An iron imp (Dis:7)
  An orc priest (D:14)
  3 mummies (Tomb:2)
  10 ball lightnings (Depths:3)
  4 goblins (D:2)
  2 hobgoblins (D:2)
  A demonic plant (Pan)
  8 plants
  5 starspawn tentacles
  27 tentacles
97 creatures vanquished.

Grand Total: 3941 creatures vanquished

Notes
Turn   | Place    | Note
-------+----------+-------------------------------------------
     0 | D:1      | kuniqs the Vine Stalker Fighter began the quest for the Orb.
     0 | D:1      | Reached XP level 1. HP: 11/11 MP: 2/2
    50 | D:1      | Reached XP level 2. HP: 16/16 MP: 3/3
   243 | D:1      | Reached XP level 3. HP: 19/19 MP: 4/4
   848 | D:2      | Reached skill level 1 in Dodging
   914 | D:2      | Gained mutation: Your natural rate of healing is unusually fast. [Vine Stalker growth]
   914 | D:2      | Reached XP level 4. HP: 23/23 MP: 5/5
   963 | D:2      | Found a glowing golden altar of the Shining One.
   963 | D:2      | Noticed Robin
   998 | D:2      | Killed Robin
  1029 | D:2      | Found a basalt altar of Yredelemnul.
  1032 | D:2      | Noticed a profane servitor
  1291 | D:2      | Found a hazy altar of Hepliaklqana.
  1633 | D:2      | Reached XP level 5. HP: 28/28 MP: 6/6
  1703 | D:3      | Found a glowing drain.
  1722 | Sewer    | Entered a sewer
  1846 | Sewer    | Noticed a big kobold
  1867 | Sewer    | Killed a big kobold
  1867 | Sewer    | Reached XP level 6. HP: 24/32 MP: 7/7
  1900 | Sewer    | Found a burning altar of Makhleb.
  1982 | Sewer    | Noticed Grinder
  1994 | Sewer    | Killed Grinder
  1994 | Sewer    | Reached XP level 7. HP: 32/37 MP: 8/8
  2642 | D:3      | Found a runed door.
  2646 | D:3      | Noticed Crazy Yiuf
  2654 | D:3      | Killed Crazy Yiuf
  2837 | D:3      | Noticed buskinjo's ghost (amateur DEFE)
  2849 | D:4      | Got an ancient steel ring
  2853 | D:4      | Identified the ring of Uxtint {rF+ MP+9 Int+2} (You found it on level 4 of the Dungeon)
  2876 | D:3      | Killed buskinjo's ghost
  2921 | D:4      | Noticed a two-headed ogre
  2931 | D:4      | Found a burning altar of Makhleb.
  2968 | D:4      | Got an encrusted flail
  2969 | D:4      | Identified the +10 flail of Ahelil {antimagic, +Blink Int+7 Dex-2} (You found it on level 4 of the Dungeon)
  2983 | D:4      | Gained mutation: You have razor-sharp teeth. [Vine Stalker growth]
  2983 | D:4      | Reached XP level 8. HP: 42/42 MP: 3/9
  3185 | D:4      | Noticed Dowan
  3190 | D:4      | Found a hide-covered altar of Uskayaw.
  3196 | D:4      | Killed Dowan
  3197 | D:4      | Noticed Duvessa
  3201 | D:4      | Killed Duvessa
  3202 | D:4      | Noticed a dagger
  3202 | D:4      | Noticed a hand axe
  3289 | D:4      | Reached skill level 5 in Fighting
  3289 | D:4      | Reached skill level 5 in Shields
  3470 | D:5      | Entered Level 5 of the Dungeon
  3715 | D:5      | Reached XP level 9. HP: 36/47 MP: 5/10
  4034 | D:5      | Reached skill level 5 in Armour
  4046 | D:5      | Reached skill level 5 in Short Blades
  4274 | D:5      | Found Xonir's Food Boutique.
  4603 | D:4      | Became a worshipper of Uskayaw the Reveler
  4664 | D:6      | Reached * piety under Uskayaw
  4681 | D:6      | Reached ** piety under Uskayaw
  4685 | D:6      | Reached *** piety under Uskayaw
  4691 | D:6      | Reached **** piety under Uskayaw
  4747 | D:6      | Noticed Menkaure
  4752 | D:6      | Killed Menkaure
  4773 | D:6      | Reached skill level 1 in Invocations
  4997 | D:6      | Found an iron altar of Okawaru.
  5099 | D:6      | Found a blossoming altar of Fedhas.
  5099 | D:6      | Found an ornate altar of the Wu Jian Council.
  5507 | D:7      | Gained mutation: You are robust. (+10% HP) [mutagenic meat]
  5508 | D:7      | YEY
  5518 | D:7      | Reached skill level 5 in Dodging
  5768 | D:7      | Reached XP level 10. HP: 58/58 MP: 7/12
  5772 | D:7      | Reached skill level 2 in Invocations
  5851 | D:7      | Found a staircase to the Ecumenical Temple.
  6254 | D:8      | Found a white marble altar of Elyvilon.
  6289 | D:8      | Found an opulent altar of Gozag.
  6306 | D:8      | Found a glowing golden altar of the Shining One.
  6459 | D:8      | Found a shattered altar of Ashenzari.
  6945 | D:9      | Found a shimmering altar of Xom.
  7006 | D:9      | Noticed Maurice
  7017 | D:9      | Killed Maurice
  7017 | D:9      | Reached skill level 3 in Invocations
  7166 | D:9      | Noticed a death knight
  7166 | D:9      | Noticed a brown ugly thing
  7173 | D:9      | Noticed a cyclops
  7174 | D:9      | Noticed a tengu warrior
  7179 | D:10     | Entered Level 10 of the Dungeon
  7357 | D:10     | Got a twisted spear
  7521 | D:10     | Reached skill level 4 in Invocations
  8027 | D:10     | Killed a brown ugly thing
  8027 | D:10     | Reached XP level 11. HP: 58/63 MP: 15/15
  8090 | D:10     | Killed a death knight
  8123 | D:9      | Killed a tengu warrior
  8194 | D:9      | Killed a cyclops
  8328 | D:9      | Killed an unseen horror
  8328 | D:9      | Reached skill level 5 in Invocations
  8343 | D:9      | Got a faintly glowing rapier
  8345 | D:9      | Identified the +4 rapier of a Million Deaths {pierce, +Inv rElec Int-3 Dex+7} (You found it on level 9 of the Dungeon)
  8353 | D:9      | Learned a level 2 spell: Song of Slaying
  8357 | D:9      | Learned a level 3 spell: Regeneration
  8445 | D:9      | Noticed a two-headed ogre
  8446 | D:9      | Noticed a manticore
  8456 | D:8      | Killed a two-headed ogre
  8497 | D:9      | Killed a manticore
  8578 | D:11     | Noticed Psyche
  8677 | D:11     | Reached ***** piety under Uskayaw
  8703 | D:11     | Found a staircase to the Lair.
  8711 | D:11     | Reached ****** piety under Uskayaw
  8779 | Lair:1   | Entered Level 1 of the Lair of Beasts
  8826 | Lair:1   | Found a frozen archway.
  8834 | IceCv    | Entered an ice cave
  8866 | IceCv    | Gained mutation: You heal very quickly. [Vine Stalker growth]
  8866 | IceCv    | Reached XP level 12. HP: 63/70 MP: 17/17
  8893 | IceCv    | Reached skill level 6 in Invocations
  9263 | IceCv    | Found an ancient bone altar of Kikubaaqudgha.
  9754 | Lair:1   | Noticed Nergalle
  9768 | Lair:1   | Killed Nergalle
  9855 | Lair:1   | Reached skill level 7 in Invocations
 10152 | D:11     | Reached XP level 13. HP: 45/77 MP: 19/19
 10203 | D:11     | Found a staircase to the Orcish Mines.
 10363 | D:11     | Killed Psyche
 11567 | D:15     | Entered Level 15 of the Dungeon
 12031 | Lair:2   | Reached skill level 8 in Invocations
 12153 | Lair:2   | Found a staircase to the Shoals.
 12476 | Lair:3   | Found a dark tunnel.
 12481 | Volcano  | Entered a volcano
 12587 | Volcano  | Found a radiant altar of Vehumet.
 12607 | Volcano  | Noticed a stone giant
 12615 | Volcano  | Killed a stone giant
 12992 | Lair:3   | Found a staircase to the Snake Pit.
 13096 | Lair:3   | Noticed Gastronok
 13162 | Lair:4   | Reached XP level 14. HP: 83/83 MP: 21/21
 13242 | Lair:3   | Reached skill level 10 in Fighting
 13292 | Lair:3   | Killed Gastronok
 13292 | Lair:3   | Reached skill level 10 in Shields
 14740 | Lair:5   | Reached skill level 9 in Invocations
 15367 | Lair:6   | Entered Level 6 of the Lair of Beasts
 15426 | Lair:6   | Reached skill level 10 in Short Blades
 15512 | Lair:6   | Reached XP level 15. HP: 89/89 MP: 23/23
 15547 | Lair:6   | Found a burning altar of Makhleb.
 15597 | Lair:6   | Found a gateway to Hell.
 16042 | Lair:6   | Found a runed door.
 16043 | Lair:6   | Found a viscous altar of Jiyva.
 16049 | Lair:6   | Found a staircase to the Slime Pits.
 16643 | Orc:1    | Entered Level 1 of the Orcish Mines
 16673 | Orc:1    | Reached skill level 10 in Invocations
 16832 | Orc:2    | Entered Level 2 of the Orcish Mines
 16895 | Orc:1    | Found a roughly hewn altar of Beogh.
 17191 | Orc:2    | Reached skill level 10 in Armour
 17307 | Orc:2    | Reached skill level 10 in Dodging
 17329 | Orc:2    | Found Maxumoam's Jewellery Boutique.
 17329 | Orc:2    | Found Mieset's General Store.
 17333 | Orc:2    | Found Umerph Vijounk's Antique Weapon Emporium.
 17335 | Orc:2    | Found Aryw's Armour Shop.
 17429 | Orc:2    | Found a staircase to the Elven Halls.
 18080 | Orc:2    | Bought a +1 crystal plate armour for 1218 gold pieces
 18128 | Orc:2    | Bought a +2 ring of slaying for 210 gold pieces
 18468 | D:13     | Found an ancient bone altar of Kikubaaqudgha.
 18665 | D:13     | Reached skill level 1 in Stealth
 19248 | D:14     | Found a gate to the Vaults.
 19252 | D:14     | Reached XP level 16. HP: 81/95 MP: 24/24
 19755 | D:15     | Found a portal to a secret trove of treasure.
 19967 | D:15     | Found Gefawiem's Jewellery Boutique.
 20007 | D:15     | Found a staircase to the Depths.
 20108 | D:15     | Found an iron altar of Okawaru.
 20389 | Snake:1  | Entered Level 1 of the Snake Pit
 20653 | Snake:1  | Noticed Aizul
 20675 | Snake:1  | Killed Aizul
 21230 | Snake:2  | Reached skill level 5 in Stealth
 21473 | Snake:2  | Noticed Agnes
 21489 | Snake:2  | Killed Agnes
 21748 | Snake:2  | Found Vaam's Book Emporium.
 21788 | Snake:2  | Found Doust's Jewellery Boutique.
 21789 | Snake:2  | Found Loyroledgh's Gadget Emporium.
 21789 | Snake:2  | Found Arer's Gadget Emporium.
 22027 | Snake:2  | Reached skill level 11 in Invocations
 22469 | Snake:3  | Reached XP level 17. HP: 102/102 MP: 26/26
 22766 | Snake:3  | Noticed Bai Suzhen
 22779 | Snake:3  | Killed Bai Suzhen
 23474 | Snake:4  | Entered Level 4 of the Snake Pit
 24238 | Snake:4  | Reached skill level 12 in Invocations
 24259 | Snake:4  | Reached XP level 18. HP: 103/107 MP: 28/28
 24293 | Snake:4  | Got a serpentine rune of Zot
 24956 | Shoals:1 | Entered Level 1 of the Shoals
 24999 | Shoals:1 | Found Qawoox's Antique Weapon Emporium.
 26356 | Shoals:3 | Found a runed door.
 26588 | Shoals:3 | Noticed Polyphemus
 26620 | Shoals:3 | Killed Polyphemus
 26620 | Shoals:3 | Reached skill level 10 in Stealth
 26951 | Shoals:4 | Entered Level 4 of the Shoals
 27173 | Shoals:4 | Reached XP level 19. HP: 114/114 MP: 29/29
 27461 | Shoals:4 | Got a scintillating gossamer ring
 27462 | Shoals:4 | Identified the ring "Hositynkoute" {Str+3 Int+3} (You found it on level 4 of the Shoals)
 27582 | Shoals:4 | Got a barnacled rune of Zot
 27711 | Shoals:4 | Reached skill level 13 in Invocations
 28038 | Shoals:4 | Noticed Ilsuiw
 28049 | Shoals:4 | Killed Ilsuiw
 28496 | Elf:1    | Entered Level 1 of the Elven Halls
 28643 | Elf:1    | Found Baovuapn's Jewellery Shoppe.
 29638 | Elf:2    | Found a runed gate.
 29638 | Elf:2    | Found a runed gate.
 29640 | Elf:2    | Found a runed gate.
 29787 | Elf:2    | Found Qycukk's Weapon Shoppe.
 30010 | Elf:2    | Reached XP level 20. HP: 108/119 MP: 31/31
 30334 | Elf:3    | Entered Level 3 of the Elven Halls
 30337 | Elf:3    | Noticed 4thArraOfDagon's ghost (journeyman DgSu)
 30349 | Elf:3    | Killed 4thArraOfDagon's ghost
 31037 | Elf:3    | Reached skill level 14 in Invocations
 31281 | Elf:3    | Got a smoking diamond amulet
 31282 | Elf:3    | Identified the amulet "Luiwaxat" {Faith Int+4} (You found it on level 3 of the Elven Halls)
 31300 | Elf:3    | Got a sparkling lapis lazuli ring
 31301 | Elf:3    | Identified the ring "Elaged" {rElec Str+4 Dex+2} (You found it on level 3 of the Elven Halls)
 31699 | Elf:3    | Noticed Mara
 31717 | Elf:3    | Killed Mara
 32061 | Vaults:1 | Entered Level 1 of the Vaults
 32288 | Vaults:1 | Reached XP level 21. HP: 126/126 MP: 32/32
 33059 | Vaults:2 | Noticed no0bjke's ghost (adept GrFi)
 33077 | Vaults:2 | Killed no0bjke's ghost
 33549 | Vaults:2 | Found Urigam's Magic Scroll Shoppe.
 33810 | Vaults:2 | Reached skill level 15 in Shields
 33810 | Vaults:2 | Reached skill level 15 in Invocations
 34244 | Vaults:3 | Reached skill level 15 in Fighting
 34419 | Vaults:3 | Noticed a bone dragon
 34420 | Vaults:3 | Found a staircase to the Crypt.
 34430 | Vaults:3 | Killed a bone dragon
 34667 | Vaults:3 | Reached XP level 22. HP: 134/134 MP: 34/34
 35328 | Vaults:4 | Noticed Gorglomux's ghost (veteran HOMo)
 35355 | Vaults:4 | Killed Gorglomux's ghost
 36065 | Vaults:4 | Identified the +2 helmet "Ebaidiki" {Stlth+} (You found it on level 4 of the Vaults)
 36448 | Vaults:5 | Entered Level 5 of the Vaults
 36546 | Vaults:5 | Reached skill level 16 in Invocations
 36583 | Vaults:5 | Noticed a golden dragon
 36597 | Vaults:5 | Killed a golden dragon
 36759 | Vaults:5 | Reached XP level 23. HP: 130/140 MP: 36/36
 36772 | Vaults:5 | Noticed Boris
 36773 | Vaults:5 | Noticed an ancient lich
 36800 | Vaults:5 | Killed an ancient lich
 36806 | Vaults:5 | Killed Boris
 36806 | Vaults:5 | Reached skill level 15 in Armour
 36858 | Vaults:5 | Got a silver rune of Zot
 36958 | Vaults:5 | Noticed an ancient lich
 37385 | Vaults:5 | Reached skill level 17 in Invocations
 37469 | Vaults:5 | Killed an ancient lich
 37839 | Vaults:5 | Reached XP level 24. HP: 148/148 MP: 36/36
 38513 | Slime:1  | Entered Level 1 of the Pits of Slime
 38729 | Slime:5  | Entered Level 5 of the Pits of Slime
 38777 | Slime:5  | Found a viscous altar of Jiyva.
 38782 | Slime:5  | Noticed the Royal Jelly
 38797 | Slime:5  | Killed the Royal Jelly
 38912 | Slime:5  | Identified the +7 plate armour of the Cricket {Dex+2 Slay+2} (You found it on level 5 of the Pits of Slime)
 38913 | Slime:5  | DAMN
 38957 | Slime:5  | Identified the Handbook of Fire and Stones
 38960 | Slime:5  | Got an ancient golden ring
 38961 | Slime:5  | Identified the ring "Qeommeati" {+Fly SInv} (You found it on level 5 of the Pits of Slime)
 39011 | Slime:5  | Got a slimy rune of Zot
 39337 | Depths:1 | Entered Level 1 of the Depths
 39388 | Depths:1 | Reached skill level 1 in Polearms
 39425 | Depths:1 | Found a corrupted altar of Lugonu.
 39425 | Depths:1 | Found a one-way gate to the infinite horrors of the Abyss.
 39442 | Depths:1 | Found Migofut's Food Shop.
 39447 | Depths:1 | Found a gateway to a ziggurat.
 39491 | Depths:1 | Found a magical portal.
 39500 | WizLab   | Entered Wucad Mu's Monastery
 39642 | WizLab   | Reached XP level 25. HP: 154/154 MP: 36/36
 39821 | Depths:1 | Reached skill level 5 in Polearms
 40477 | Depths:2 | Found Kuogh's Antique Weapon Shop.
 40536 | Depths:2 | Found a one-way gate leading to the halls of Pandemonium.
 40567 | Depths:2 | Reached skill level 18 in Invocations
 40813 | Depths:2 | Reached XP level 26. HP: 146/160 MP: 37/37
 41723 | Depths:3 | Got a brightly glowing pewter ring
 41724 | Depths:3 | Identified the ring of Fovad {Fire +Fly MR+ Str-3} (You found it on level 3 of the Depths)
 41785 | Depths:3 | Got a coiled silver ring
 41786 | Depths:3 | Identified the ring of the Cicada {rF++ Str+4 Stlth-} (You found it on level 3 of the Depths)
 41824 | Depths:3 | Identified the Volume of Necromancy and Confrontation
 43086 | Depths:5 | Entered Level 5 of the Depths
 43289 | Depths:5 | Found a gate to the Realm of Zot.
 43387 | Depths:5 | Noticed Sojobo
 43414 | Depths:5 | Killed Sojobo
 43414 | Depths:5 | Reached XP level 27. HP: 143/166 MP: 37/37
 43673 | Depths:5 | Noticed Boris
 43685 | Depths:5 | Killed Boris
 44132 | Pan      | Entered Pandemonium
 44400 | Pan      | Found a runed door.
 44403 | Pan      | Found an exit through the horrors of the Abyss.
 44526 | Pan      | Reached skill level 19 in Invocations
 44648 | Pan      | Noticed Refoanomp the pandemonium lord
 44661 | Pan      | Killed Refoanomp the pandemonium lord
 44661 | Pan      | Reached skill level 15 in Dodging
 44856 | Pan      | Found an exit through the horrors of the Abyss.
 45294 | Pan      | Entered the realm of Cerebov.
 45408 | Pan      | Reached skill level 10 in Polearms
 45458 | Pan      | Noticed Cerebov
 45459 | Pan      | Killed Cerebov
 45506 | Pan      | Identified Pilear's Catalogue of Execration and Darkness
 45559 | Pan      | Got a fiery rune of Zot
 45562 | Pan      | Identified Sif Muna's Tome of the Oath
 45616 | Pan      | Identified the +5 large shield "Vobya" {rElec rF- rN+ Int+7} (You found it in Pandemonium)
 45748 | Pan      | Entered the realm of Lom Lobon.
 45811 | Pan      | Found an exit through the horrors of the Abyss.
 46130 | Pan      | Noticed Lom Lobon
 46130 | Pan      | Killed Lom Lobon
 46130 | Pan      | Reached skill level 20 in Invocations
 46175 | Pan      | Got a magical rune of Zot
 46477 | Pan      | Found an exit through the horrors of the Abyss.
 46514 | Pan      | Noticed Tekuaplist the pandemonium lord
 46519 | Pan      | Noticed Butuos the pandemonium lord
 46534 | Pan      | Killed Butuos the pandemonium lord
 47264 | Pan      | Gained mutation: You occasionally shout uncontrollably at your foes. [a cacodemon]
 47276 | Pan      | Found an exit through the horrors of the Abyss.
 47282 | Pan      | Found an exit through the horrors of the Abyss.
 47636 | Pan      | Found a huge runed gate.
 47646 | Pan      | Noticed Rollezaett the pandemonium lord
 47676 | Pan      | Killed Rollezaett the pandemonium lord
 48187 | Pan      | Noticed Byedeaf the pandemonium lord
 48212 | Pan      | Killed Byedeaf the pandemonium lord
 48398 | Pan      | Noticed Beymeafuo the pandemonium lord
 48419 | Pan      | Killed Beymeafuo the pandemonium lord
 48431 | Pan      | Gained mutation: Scrolls take you a little longer to read. [a neqoxec]
 48432 | Pan      | Gained mutation: Your spells are a little easier to cast, but a little less powerful. [a neqoxec]
 48522 | Pan      | Noticed Poruc the pandemonium lord
 48529 | Pan      | Got a demonic rune of Zot
 48674 | Pan      | Found an exit through the horrors of the Abyss.
 48798 | Pan      | Entered the realm of Gloorx Vloq.
 49023 | Pan      | Reached skill level 21 in Invocations
 49071 | Pan      | Noticed Gloorx Vloq
 49076 | Pan      | Killed Gloorx Vloq
 49090 | Pan      | Got a dark rune of Zot
 49434 | Pan      | Entered the realm of Mnoleg.
 49514 | Pan      | Found an exit through the horrors of the Abyss.
 49570 | Pan      | Gained mutation: You are clumsy. (Dex -2) [a neqoxec]
 49655 | Pan      | Noticed Mnoleg
 49655 | Pan      | Paralysed by a floating eye for 2 turns
 49659 | Pan      | Paralysed by a floating eye for 3 turns
 49662 | Pan      | Killed Mnoleg
 49662 | Pan      | Gained mutation: You expend magic power (3 MP) to strengthen your wands. [a shining eye]
 49720 | Pan      | Got a glowing rune of Zot
 49822 | Pan      | Took an exit into the Abyss.
 49822 | Abyss:1  | Escaped into the Abyss
 50386 | Abyss:3  | HHHEEEEEEYYYY
 50423 | Abyss:3  | Got an abyssal rune of Zot
 50439 | Abyss:3  | Gained mutation: You are dopey. (Int -2) [a neqoxec]
 50530 | Depths:3 | Escaped the Abyss
 50543 | Hell     | Entered the Vestibule of Hell
 50543 | Hell     | Noticed Geryon
 50581 | Hell     | Killed Geryon
 50765 | Hell     | Found a gateway to the freezing wastes of Cocytus.
 50834 | Hell     | Found a gateway to the decaying netherworld of Tartarus.
 50863 | Tar:1    | Entered Level 1 of Tartarus
 51219 | Tar:2    | Reached skill level 22 in Invocations
 51435 | Tar:2    | Gained mutation: You are weak. (Str -2) [mutagenic glow]
 51477 | Tar:2    | Gained mutation: You tend to lose your temper in combat. [mutagenic glow]
 51554 | Tar:2    | Found a huge runed gate.
 51554 | Tar:2    | Found a huge runed gate.
 51554 | Tar:2    | Found a huge runed gate.
 51554 | Tar:2    | Found a huge runed gate.
 51554 | Tar:2    | Found a huge runed gate.
 51554 | Tar:2    | Found a huge runed gate.
 51554 | Tar:2    | Found a huge runed gate.
 51554 | Tar:2    | Found a huge runed gate.
 51554 | Tar:2    | Found a huge runed gate.
 51554 | Tar:2    | Found a huge runed gate.
 51563 | Tar:2    | Found a huge runed gate.
 51563 | Tar:2    | Found a huge runed gate.
 51563 | Tar:2    | Found a huge runed gate.
 51563 | Tar:2    | Found a huge runed gate.
 51563 | Tar:2    | Found a huge runed gate.
 51563 | Tar:2    | Found a huge runed gate.
 51574 | Tar:2    | Found a huge runed gate.
 51574 | Tar:2    | Found a huge runed gate.
 51574 | Tar:2    | Found a huge runed gate.
 51574 | Tar:2    | Found a huge runed gate.
 51574 | Tar:2    | Found a huge runed gate.
 51574 | Tar:2    | Found a huge runed gate.
 51574 | Tar:2    | Found a huge runed gate.
 51575 | Tar:2    | Found a huge runed gate.
 51576 | Tar:2    | Found a huge runed gate.
 51591 | Tar:2    | Found a huge runed gate.
 51591 | Tar:2    | Found a huge runed gate.
 51591 | Tar:2    | Found a huge runed gate.
 51591 | Tar:2    | Found a huge runed gate.
 51591 | Tar:2    | Found a huge runed gate.
 51591 | Tar:2    | Found a huge runed gate.
 51706 | Tar:2    | Lost mutation: Scrolls take you a little longer to read. [potion of mutation]
 51706 | Tar:2    | Lost mutation: You expend magic power (3 MP) to strengthen your wands. [potion of mutation]
 51706 | Tar:2    | Lost mutation: Your spells are a little easier to cast, but a little less powerful. [potion of mutation]
 51706 | Tar:2    | Gained mutation: Your magical capacity is low. (-10% MP) [potion of mutation]
 51706 | Tar:2    | Gained mutation: You evolve. [potion of mutation]
 51706 | Tar:2    | Gained mutation: You expend magic power (3 MP) to strengthen your wands. [potion of mutation]
 51706 | Tar:2    | Gained mutation: You have a pair of small horns on your head. [potion of mutation]
 51707 | Tar:2    | Lost mutation: Your magical capacity is low. (-10% MP) [potion of mutation]
 51707 | Tar:2    | Lost mutation: You have a pair of small horns on your head. [potion of mutation]
 51707 | Tar:2    | Lost mutation: You are dopey. (Int -2) [potion of mutation]
 51707 | Tar:2    | Lost mutation: You are clumsy. (Dex -2) [potion of mutation]
 51707 | Tar:2    | Lost mutation: You tend to lose your temper in combat. [potion of mutation]
 51707 | Tar:2    | Lost mutation: You are robust. (+10% HP) [potion of mutation]
 51707 | Tar:2    | Gained mutation: You are frail. (-10% HP) [potion of mutation]
 51707 | Tar:2    | Gained mutation: Your mind is acute. (Int +2) [potion of mutation]
 51707 | Tar:2    | Gained mutation: You are partially covered in iridescent scales. (AC +2) [potion of mutation]
 51708 | Tar:2    | Lost mutation: You evolve. [potion of mutation]
 51708 | Tar:2    | Lost mutation: You are partially covered in iridescent scales. (AC +2) [potion of mutation]
 51708 | Tar:2    | Lost mutation: Your mind is acute. (Int +2) [potion of mutation]
 51708 | Tar:2    | Lost mutation: You expend magic power (3 MP) to strengthen your wands. [potion of mutation]
 51708 | Tar:2    | Gained mutation: You possess an exceptional clarity of mind. [potion of mutation]
 51708 | Tar:2    | Lost mutation: You are weak. (Str -2) [potion of mutation]
 51709 | Tar:2    | Lost mutation: You are frail. (-10% HP) [potion of mutation]
 51709 | Tar:2    | Lost mutation: You occasionally shout uncontrollably at your foes. [potion of mutation]
 51709 | Tar:2    | Lost mutation: You possess an exceptional clarity of mind. [potion of mutation]
 51709 | Tar:2    | Gained mutation: You are frail. (-10% HP) [potion of mutation]
 51709 | Tar:2    | Gained mutation: You occasionally shout uncontrollably at your foes. [potion of mutation]
 51709 | Tar:2    | Gained mutation: You sometimes yell uncontrollably at your foes. [potion of mutation]
 51709 | Tar:2    | Gained mutation: You are partially covered in large bone plates. (SH +4) [potion of mutation]
 51710 | Tar:2    | Lost mutation: You sometimes yell uncontrollably at your foes. [potion of mutation]
 51710 | Tar:2    | Lost mutation: You occasionally shout uncontrollably at your foes. [potion of mutation]
 51710 | Tar:2    | Gained mutation: You possess an exceptional clarity of mind. [potion of mutation]
 51710 | Tar:2    | Lost mutation: You possess an exceptional clarity of mind. [potion of mutation]
 51711 | Tar:2    | Lost mutation: You are frail. (-10% HP) [potion of mutation]
 51711 | Tar:2    | Lost mutation: You are partially covered in large bone plates. (SH +4) [potion of mutation]
 51711 | Tar:2    | Gained mutation: Your spells are a little easier to cast, but a little less powerful. [potion of mutation]
 51711 | Tar:2    | Gained mutation: You have sharp toenails. [potion of mutation]
 51711 | Tar:2    | Gained mutation: Your mind is acute. (Int +2) [potion of mutation]
 52124 | Tar:7    | Entered Level 7 of Tartarus
 52494 | Tar:7    | Noticed Ereshkigal
 52509 | Tar:7    | Killed Ereshkigal
 52550 | Tar:7    | Got a bone rune of Zot
 52686 | Hell     | Found a gateway to the ashen valley of Gehenna.
 52723 | Geh:1    | Entered Level 1 of Gehenna
 53405 | Geh:5    | You fall through a shaft!
 53600 | Geh:7    | Entered Level 7 of Gehenna
 53617 | Geh:7    | Reached skill level 23 in Invocations
 53669 | Geh:7    | Noticed the Serpent of Hell
 53680 | Geh:7    | Killed the Serpent of Hell
 54094 | Geh:7    | Noticed Asmodeus
 54113 | Geh:7    | Killed Asmodeus
 54137 | Geh:7    | Got an obsidian rune of Zot
 54193 | Hell     | Found a gateway to the Iron City of Dis.
 54213 | Dis:1    | Entered Level 1 of the Iron City of Dis
 55379 | Dis:7    | Entered Level 7 of the Iron City of Dis
 55853 | Dis:7    | Noticed Dispater
 55859 | Dis:7    | Killed Dispater
 55859 | Dis:7    | Reached skill level 24 in Invocations
 55872 | Dis:7    | Got an iron rune of Zot
 55876 | Dis:7    | Identified a +0 pair of boots of running (You found it on level 7 of the Iron City of Dis)
 56154 | Coc:1    | Entered Level 1 of Cocytus
 56856 | Coc:7    | Entered Level 7 of Cocytus
 57102 | Coc:7    | Got a scorched copper ring
 57103 | Coc:7    | Identified the ring "Haesap" {*Drain rPois rF+ rN+ Dex+2} (You found it on level 7 of Cocytus)
 57533 | Coc:7    | Noticed Antaeus
 57540 | Coc:7    | Killed Antaeus
 57662 | Coc:7    | Got an icy rune of Zot
 58072 | Crypt:1  | Entered Level 1 of the Crypt
 58427 | Crypt:3  | Entered Level 3 of the Crypt
 58496 | Crypt:3  | Found a staircase to the Tomb.
 58503 | Tomb:1   | Entered Level 1 of the Tomb of the Ancients
 58583 | Tomb:1   | Reached skill level 25 in Invocations
 58650 | Tomb:1   | Noticed an ancient lich
 58656 | Tomb:1   | Noticed an ancient lich
 58663 | Tomb:1   | Paralysed by the power of Zot for 4 turns
 58976 | Tomb:1   | Killed an ancient lich
 58992 | Tomb:1   | Killed an ancient lich
 59036 | Tomb:2   | Noticed a greater mummy
 59040 | Tomb:2   | Noticed Mennas
 59043 | Tomb:2   | Noticed an ancient lich
 59057 | Tomb:2   | Killed a greater mummy
 59066 | Tomb:1   | Killed Mennas
 59097 | Tomb:2   | Noticed a greater mummy
 59105 | Tomb:2   | Killed a greater mummy
 59107 | Tomb:2   | Noticed a greater mummy
 59114 | Tomb:2   | Noticed Jory
 59312 | Tomb:3   | Entered Level 3 of the Tomb of the Ancients
 59314 | Tomb:3   | Noticed a greater mummy
 59326 | Tomb:3   | Killed a greater mummy
 59327 | Tomb:3   | Noticed Boris
 59328 | Tomb:3   | Noticed a greater mummy
 59338 | Tomb:3   | Killed Boris
 59349 | Tomb:3   | Killed a greater mummy
 59366 | Tomb:3   | Noticed a greater mummy
 59375 | Tomb:3   | Killed a greater mummy
 59458 | Tomb:3   | Noticed a greater mummy
 59472 | Tomb:3   | Killed a greater mummy
 59504 | Tomb:3   | Noticed a greater mummy
 59515 | Tomb:3   | Killed a greater mummy
 59539 | Tomb:3   | Got a golden rune of Zot
 59576 | Tomb:3   | Noticed a greater mummy
 59577 | Tomb:3   | Identified the +0 pair of boots of Qesefoagg {Str+4 Dex+4} (You found it on level 3 of the Tomb of the Ancients)
 59585 | Tomb:3   | Killed a greater mummy
 59648 | Tomb:3   | Noticed an ancient lich
 59659 | Tomb:3   | Killed an ancient lich
 59742 | Tomb:3   | Got a fine golden ring
 59743 | Tomb:3   | Identified the ring of the Thoughtful Curses {-Tele rPois rC+++ MR- EV+1} (You found it on level 3 of the Tomb of the Ancients)
 60316 | Zot:1    | Entered Level 1 of the Realm of Zot
 60673 | Zot:5    | Entered Level 5 of the Realm of Zot
 60728 | Zot:5    | Noticed an ancient lich
 60728 | Zot:5    | Noticed an orb of fire
 60729 | Zot:5    | Noticed an orb of fire
 60735 | Zot:5    | Gained mutation: Your body sometimes deteriorates upon taking damage. [an orb of fire]
 60736 | Zot:5    | Gained mutation: You are frail. (-10% HP) [an orb of fire]
 60738 | Zot:5    | Killed an orb of fire
 60738 | Zot:5    | Reached skill level 26 in Invocations
 60738 | Zot:5    | Lost mutation: Your body sometimes deteriorates upon taking damage. [an orb of fire]
 60740 | Zot:5    | Gained mutation: Your magical capacity is low. (-10% MP) [an orb of fire]
 60743 | Zot:5    | Gained mutation: You expend magic power (3 MP) to strengthen your wands. [an orb of fire]
 60751 | Zot:5    | Killed an orb of fire
 60761 | Zot:5    | Killed from afar by an electric golem

Vault maps used:
D:1:      saegor_arrival_fortress
D:2:      grunt_temple_overflow_holy_war, marbit_many_paths, uniq_robin
D:3:      portal_sewer_entry_f, roderic_lattice_a, uniq_crazy_yiuf_cottage
D:4:      gammafunk_temple_overflow_arena, dancing_weapons_uskayaw, uniq_duvessa
D:5:      first_bread, serial_shops, nicolae_shop_behind_doors
D:6:      kennysheep_mini, gammafunk_temple_overflow_wave, uniq_menkaure
D:7:      temple_green
D:8:      ashenzari_altar_1, nicolae_gozag_cash_rules_everything_around_me,
          elyvilon_altar_5, blue_anna_alchemist, tso_metal_star
D:9:      basic_altar, minivault_28, uniq_maurice
D:10:     minivault_4
D:11:     minmay_lair_entry_grove, david_orc_4, uniq_psyche
D:13:     basic_altar
D:14:     david_vaults_1, serial_park_tiny_pond, minmay_guarded_unrand_prune
D:15:     hangedman_depths_entry_try_elsewhere_first, serial_shops,
          nicolae_shop_trees, basic_altar, enter_trove_1
Lair:1:   portal_ice_cave_rime, uniq_nergalle
Lair:2:   elwin_shoals_entry_rocks
Lair:3:   dummy_snake_entry, enter_volcano_4, zaba_antful_of_joy,
          serial_bayou_shore_a, infiniplex_staircase_pool_2, uniq_gastronok
Lair:4:   grunt_megastairs_2
Lair:6:   evil_forest, slime_altar_2, lemuel_fruit_tree
Shoals:1: serial_shops, shop
Shoals:3: lightli_airlock, uniq_polyphemus
Shoals:4: shoals_end_hangedman, shoals_ilsuiw_alternative
Snake:1:  nicolae_large_snake_swirl, uniq_aizul
Snake:2:  serial_shops, shop, minmay_shop_grove, uniq_agnes
Snake:3:  minmay_snake_river, uniq_bai_suzhen
Snake:4:  snake_pit, st_stairs_9, basic_stair_grate_trap
Orc:1:    basic_altar
Orc:2:    st_orc_rangers
Elf:1:    eino_elf_arrival_the_gate, serial_shops, nicolae_shop_stone,
          minmay_elf_necromancy, spider_trap, hex_medium
Elf:2:    serial_shops, shop, basic_stair_grate_trap
Elf:3:    minmay_elf_hall, uniq_mara
Vaults:1: st_diamondy, v_misc_2, nicolae_vaults_mini_display_case,
          hangedman_vaults_maws, vaults_room_corners, vaults_room_semicircle
Vaults:2: hangedman_vaults_locks, v_alt_pattern_4, vaults_room_door_hall,
          v_alt_pattern_5, nicolae_vaults_ring_of_whatevers, stair_cage_open,
          v_rooms_2, v_pattern_5, v_rooms_1, ontoclasm_vaults_shuriken,
          serial_shops, nicolae_shop_stone
Vaults:3: hangedman_vaults_restitches, vaults_room_corners,
          vaults_room_door_hall, vaults_room_glass_cross,
          nicolae_vaults_rhombus_5, serial_ice_b,
          minmay_crypt_entry_nasty_monster, nicolae_vaults_shelves_hall,
          v_misc_28, nicolae_vaults_diagonal_hallway_8, grunt_vaults_twisty
Vaults:4: v_alt_pattern_1, ontoclasm_vaults_tryst, ontoclasm_vaults_pinch,
          hangedman_vaults_stagger, vaults_dpeg_hooks, dpeg_vaults_monster_box,
          ontoclasm_vaults_twist, nicolae_vaults_little_squares_3,
          ontoclasm_vaults_misaligned, vaults_room_pools, vaults_dpeg_diagonal
Vaults:5: uniq_boris
Crypt:1:  lemuel_statue_altar
Crypt:2:  roderic_lattice_octagonal_star
Crypt:3:  church_of_pain_bobbens, uniq_jorgrun
Tomb:2:   uniq_mennas, uniq_jory
Tomb:3:   uniq_boris
Depths:1: enter_ziggurat_a, abandoned_shop, abyss_entry_flame_altar,
          grunt_mini_vestibule, serial_shops, shop, mu_enter_wizlab_6,
          kennysheep_generic_room_6
Depths:2: hangedman_elemental_death_ray, serial_column_ruins,
          column_ruins_portal_hut, column_ruins_grid_1,
          column_ruins_open_medium, column_ruins_open_medium,
          grunt_decor_fettered, hangedman_coc_ice_floe, serial_shops,
          kennysheep_little_box
Depths:3: radiant_caverns_b_rkd, hell_entry, pan_entry
Depths:4: evilmike_hourglass, abyss_entry, glass_columns_c,
          grunt_hell_entry_dis_mu
Depths:5: grunt_zot_entry_bicorn, kennysheep_flooded_box, hell_entry,
          serial_sigils_hangedman_writhe, uniq_sojobo, uniq_boris
Dis:2:    hangedman_player_shredder
Dis:3:    evilmike_ambush
Dis:5:    grunt_megastairs_3
Dis:7:    dis_hangedman
Geh:3:    hangedman_elemental_grid_stream
Geh:7:    evilmike_geh
Coc:7:    coc_grunt
Tar:1:    nicolae_tar_cuneiform_water
Tar:2:    door_vault
Tar:4:    nicolae_tar_cuneiform_not
Tar:6:    nicolae_tar_cuneiform_oil
Tar:7:    tar_mu
Zot:1:    basic_altar, st_stairs_5, grunt_megastairs_4
Zot:2:    kennysheep_room_grid
Zot:3:    evilmike_crystal_ball_defense
Zot:4:    zot_minivault_6
Zot:5:    bh_zot_ikea_curve, st_stairs_9
Abyss:3:  nicolae_abyss_rune_star_stuff
Abyss:4:  minivault_13
Pan:      rand_demon_9, nicolae_pan_gloorx_vloqian_3, evilmike_mini_pan_layers,
          rand_demon_2, rand_demon_5, pan_blood_fountain_2,
          nicolae_pan_cerebovesque_4, rand_demon_4, pan_blood_fountain_2,
          grunt_pan_sceptre, pan_blood_fountain_small, special_room,
          cerebov_grunt_fire_and_steel, lom_lobon_spiral_st, grunt_pan_sceptre,
          uniq_mennas_pan, rand_demon_6, uniq_mennas_pan, pan_blood_fountain,
          pan_blood_fountain_2, evilmike_mini_pan_pillars_b, grunt_pan_sceptre,
          lemuel_hall_of_pain, nicolae_pan_lom_lobonic_2, rand_demon_5,
          uniq_mennas_pan, nicolae_pan_door_chamber, pan_blood_fountain_small,
          nicolae_pan_sigil_itan, nicolae_pan_giant_door,
          nicolae_pan_sigil_nadil, nicolae_pan_cerebovesque_3,
          evilmike_mini_pan_doors, pan_blood_fountain_small,
          evilmike_mini_pan_corner, evilmike_mini_pan_other_thingy,
          pan_blood_fountain, pan_disco_hall, pan_surprise, gloorx_vloq_grunt,
          rand_demon_4, grunt_pan_spiral, pan_blood_fountain,
          pan_blood_fountain_2, evilmike_mnoleg_eyes, nicolae_pan_lom_lobonic_3
Sewer:    kennysheep_sewer_church
IceCv:    ice_cave_small_necro
Volcano:  volcano_lake
WizLab:   wizlab_wucad

Skill      XL: |  1  2  3  4  5  6  7  8  9 10 11 12 13 14 15 16 17 18 19 20 21 22 23 24 25 26 27 |
---------------+----------------------------------------------------------------------------------+-----
Short Blades   | 2 3 4 5 6 7 8 9 10 11 12 13 14 | 14.1
Shields        | 3 4 5 6 7 8 9 10 11 12 13 14 15 16 17 18 24 | 24.5
Dodging        | 1 2 3 5 6 7 8 9 10 11 12 14 15 | 15.9
Fighting       | 3 4 5 6 7 8 9 10 11 12 13 14 15 16 17 18 24 | 24.7
Armour         | 3 4 5 6 7 8 9 10 11 12 13 14 15 16 22 | 22.8
Invocations    | 1 4 5 7 8 9 10 11 12 13 14 15 16 17 18 26 | 26.0
Stealth        | 2 6 8 10 | 10.0
Polearms       | 4 5 8 12 | 12.0

Action                   |  1- 3 |  4- 6 |  7- 9 | 10-12 | 13-15 | 16-18 | 19-21 | 22-24 | 25-27 || total
-------------------------+-------+-------+-------+-------+-------+-------+-------+-------+-------++-------
Melee: Rapier            |    84 |    34 |       |   304 |  1087 |  1247 |   755 |       |       ||  3511
       Bite              |    15 |    46 |   119 |   274 |   548 |   641 |   617 |   573 |  2553 ||  5386
       Dagger            |       |   137 |   134 |       |       |       |       |       |       ||   271
       Flail             |       |       |   220 |   103 |       |       |       |       |       ||   323
       Short sword       |       |       |       |   153 |       |       |       |       |       ||   153
       Quick blade       |       |       |       |       |       |       |   408 |  1032 |  1609 ||  3049
       Lance             |       |       |       |       |       |       |       |       |  4190 ||  4190
Throw: Throwing net      |       |       |       |       |       |       |       |       |     1 ||     1
Invok: Grand Finale      |       |       |       |       |       |       |       |     1 |     8 ||     9
       Stomp             |       |       |       |       |       |       |       |       |     1 ||     1
 Abil: Evoke Invisibilit |       |       |       |     1 |       |       |     1 |       |       ||     2
Evoke: Wand              |       |       |       |       |     2 |    12 |     5 |       |     4 ||    23
  Use: Potion            |     1 |     2 |     3 |     2 |       |     2 |       |     4 |    31 ||    45
       Scroll            |       |     7 |    13 |     9 |    10 |     5 |    16 |    12 |    47 ||   119
 Stab: Invisible         |       |     1 |       |       |       |       |     3 |       |       ||     4
       Paralysed         |       |       |     1 |    38 |    89 |    98 |   118 |    92 |   635 ||  1071
       Distracted        |       |       |       |       |     1 |     1 |       |       |       ||     2
       Petrifying        |       |       |       |       |     1 |       |       |       |       ||     1
       Petrified         |       |       |       |       |     1 |       |       |       |       ||     1
       Confused          |       |       |       |       |       |       |     2 |       |       ||     2
       Held in net/web   |       |       |       |       |       |       |       |       |     2 ||     2
       Sleeping          |       |       |       |       |       |       |       |       |     1 ||     1
  Eat: Chunk             |       |     4 |    21 |    10 |    30 |    25 |    27 |    10 |    17 ||   144
       Meat ration       |       |       |       |     2 |       |       |       |       |     8 ||    10
       Royal jelly       |       |       |       |     1 |       |     2 |       |     4 |    16 ||    23
Armor: Scale mail        |    33 |    54 |   103 |    15 |    60 |       |       |       |       ||   265
       Chain mail        |       |       |       |   272 |    62 |       |       |       |       ||   334
       Ice dragon scales |       |       |       |       |    75 |       |       |       |       ||    75
       Crystal plate arm |       |       |       |       |    84 |   506 |   325 |   291 |  1484 ||  2690
Dodge: Dodged            |    19 |    51 |   127 |   189 |   369 |   273 |   187 |   168 |  1027 ||  2410
Block: Shield            |    43 |    93 |   163 |   315 |   566 |   740 |   460 |   377 |  1798 ||  4555
       Large shield      |       |       |       |       |       |       |       |       |   742 ||   742
